 Dungeon Crawl Stone Soup version 0.23-a0-402-g64599a1 (console) character file.

116 bli the Insei (level 5, 0/33 HPs)
             Began as an Octopode Transmuter on Nov 4, 2018.
             Was an Initiate of Ru.
             Slain by Purgy (1 damage)
             ... on level 3 of the Dungeon.
             The game lasted 00:06:33 (2092 turns).

bli the Insei (Octopode Transmuter)                 Turns: 2092, Time: 00:06:34

Health: 0/33       AC:  1    Str: 10    XL:     5   Next: 0%
Magic:  5/8        EV: 13    Int: 15    God:    Ru [......]
Gold:   130        SH:  0    Dex: 13    Spells: 6/9 levels left

rFire    . . .     SeeInvis .     - Unarmed
rCold    . . .     Gourm    .   (no shield)
rNeg     . . .     Faith    .   (helmet restricted)
rPois    .         Spirit   .   (no amulet)
rElec    .         Reflect  .   (no ring)
rCorr    .         Harm     .   (no ring)
MR       .....                  (no ring)
Stlth    +++.......             (no ring)
HPRegen  0.11/turn              (no ring)
MPRegen  0.11/turn              (no ring)
                                (no ring)
                                (no ring)

@: appendage
A: almost no armour, stealthy swim, amphibious, 8 rings, constrict 8, tentacle
spike 3, camouflage 1, gelatinous body 1
a: End Transformation, Renounce Religion


You were on level 3 of the Dungeon.
You worshipped Ru.
Ru was noncommittal.
You were not hungry.
One of your tentacles had a temporary spike.
You visited 1 branch of the dungeon, and saw 3 of its levels.

You collected 130 gold pieces.

Inventory:

Missiles
 a - 33 arrows
 e - 63 stones (quivered)
Armour
 l - a +0 large shield
Scrolls
 d - 3 scrolls of teleportation {unknown}
 f - 3 scrolls of identify {unknown}
 k - 2 scrolls of amnesia {unknown}
 n - a scroll of fog {unknown}
Potions
 g - a potion of berserk rage {unknown}
 h - a potion of flight {unknown}
 i - a potion of mutation {unknown}
 j - 2 potions of curing
 m - 2 potions of might {unknown}
Comestibles
 b - 7 chunks of flesh
 c - 5 rations


   Skills:
 + Level 1.2 Fighting
 + Level 2.3 Dodging
 - Level 1.0 Stealth
 + Level 4.3 Unarmed Combat
 + Level 2.5 Spellcasting
 + Level 2.9 Transmutations


You had 6 spell levels left.
You knew the following spells:

 Your Spells              Type           Power        Failure   Level  Hunger
a - Beastly Appendage     Tmut           ##....       6%          1    #......
b - Sticks to Snakes      Tmut           ##......     10%         2    ###....

Your spell library contained the following spells:

 Spells                   Type           Power        Failure   Level  Hunger
 Spider Form              Tmut/Pois      #.........   34%         3    ###....
 Ice Form                 Ice/Tmut       #.......     75%         4    #####..
 Blade Hands              Tmut           ##........   87%         5    ######.


Dungeon Overview and Level Annotations

Branches:
Dungeon (3/15)

Altars:
Qazlal
Ru

Annotations:
D:3 Purgy


Innate Abilities, Weirdness & Mutations

You cannot wear most types of armour.
You are very stealthy in the water. (Stealth+)
You are amphibious.
You can wear up to eight rings at the same time.
You can use your tentacles to constrict eight enemies at once.
Your skin changes colour to match your surroundings (Stealth+).
Your rubbery body absorbs attacks. (AC +1, EV +1)
One of your tentacles bears a large vicious spike.


Message History

Your ball python misses Purgy.
It was a potion of curing.
You feel better. Purgy barely misses you.
Purgy Your ball python closely misses Purgy.
Casting: Beastly Appendage (safe; 6% risk of failure)
Confirm with . or Enter, or press ? or * to list all spells.
One of your tentacles grows a vicious spike.
Purgy misses you. Purgy claws you but does no damage. Purgy claws you.
Your You tentacle-slap Purgy.
Your tentacle spike misses Purgy.
Purgy is lightly wounded.
Your ball python bites Purgy.
Purgy bites you.
* * * LOW HITPOINT WARNING * * *
Purgy claws you.
* * * LOW HITPOINT WARNING * * *
Purgy barely misses you.
Casting: Beastly Appendage (safe; 6% risk of failure)
Confirm with . or Enter, or press ? or * to list all spells.
You create a snake!
You now have 33 arrows.
Your ball python misses Purgy.
* * * LOW HITPOINT WARNING * * *
Purgy claws you.
You die...

.......# . ..# ..# .......##. ..#
.. #.# .......... ..#. #..
#.##.......... .... .. ##..
#............. ....#####.#
..###...###....... ....##....# #
#.#E#...#E#....#.. ##..##....# .#
#.###...###.##.... ....##....##.#
#.................
##..##...###.###....._.....##.#..
#............S.@TS........##.#..
#...............###...###.......
#..##...#.#####.#E#...#E#.##....
#..######.#####.###...###.##.#.#
#..# #.<....................#
##..######........##..##.####.#.#
..................###.# .# #.. .
.........#.######+# .........###
.........# ...........


You could see Purgy, a fire elemental and 2 friendly ball pythons.

Vanquished Creatures
  5 adders (D:2)
  An ooze (D:1)
  A worm (D:3)
  2 dart slugs (D:1)
  4 leopard geckos
  3 giant cockroaches
  7 goblins
  6 hobgoblins
  7 kobolds
  A ball python (D:2)
  11 bats
  2 frilled lizards (D:1)
  8 rats
58 creatures vanquished.

Notes
Turn   | Place    | Note
-------+----------+-------------------------------------------
     0 | D:1      | bli the Octopode Transmuter began the quest for the Orb.
     0 | D:1      | Reached XP level 1. HP: 13/13 MP: 3/3
    90 | D:1      | Reached XP level 2. HP: 14/18 MP: 3/5
   443 | D:1      | Reached XP level 3. HP: 17/23 MP: 6/6
  1068 | D:2      | Reached skill level 1 in Stealth
  1394 | D:2      | Reached XP level 4. HP: 22/28 MP: 5/7
  1454 | D:2      | Reached skill level 4 in Unarmed Combat
  1864 | D:2      | Found a sacrificial altar of Ru.
  1874 | D:2      | Became a worshipper of Ru the Awakened
  1948 | D:2      | Learned a level 2 spell: Sticks to Snakes
  2008 | D:3      | Reached XP level 5. HP: 33/33 MP: 6/8
  2039 | D:3      | Noticed a fire elemental
  2041 | D:3      | Found a stormy altar of Qazlal.
  2043 | D:3      | Noticed a water elemental
  2043 | D:3      | Noticed an air elemental
  2058 | D:3      | Noticed Purgy
  2092 | D:3      | HP: 1/33 [Purgy (5)]
  2092 | D:3      | Slain by Purgy

Vault maps used:
D:1:      minmay_arrival_three_doors, serial_rivers,
          chequers_serial_rivers_room_b, chequers_serial_rivers_large_b,
          chequers_serial_rivers_small_b, chequers_serial_rivers_micro_c,
          chequers_serial_rivers_marsh
D:2:      lemuel_coloured_pillars_altar
D:3:      nicolae_qazlal_style_of_elements,
          chequers_temple_overflow_statue_of_worship, uniq_purgy

Skill      XL: |  1  2  3  4 |
---------------+-------------+-----
Stealth        | 1 |  1.0
Unarmed Combat | 4 |  4.3
Fighting       | |  1.2
Dodging        | |  2.3
Spellcasting   | |  2.5
Transmutations | |  2.9

Action                   |  1- 3 |  4- 6 || total
-------------------------+-------+-------++-------
Melee: Unarmed           |    74 |    55 ||   129
       Constrict         |    20 |    18 ||    38
       Tentacles         |    12 |     6 ||    18
       Kick              |     6 |    11 ||    17
       Punch             |     1 |       ||     1
Throw: Stone             |     1 |     1 ||     2
 Cast: Beastly Appendage |    10 |    12 ||    22
       Sticks to Snakes  |       |     2 ||     2
  Use: Potion            |       |     1 ||     1
 Stab: Sleeping          |    10 |     4 ||    14
  Eat: Chunk             |     2 |     2 ||     4
Armor: Skin              |     5 |     4 ||     9
Dodge: Dodged            |    28 |    43 ||    71

Table legend:
 A = Non-vault XP
 B = Vault XP
 C = Vault XP percentage of total XP
 D = Non-vault monster count
 E = Vault monster count
 F = Vault count percentage of total count
                 A         B        C        D         E       F
            +---------+---------+-------+---------+---------+-------
      Total |     166 |       0 |   0.0 |      58 |       0 |   0.0
            +---------+---------+-------+---------+---------+-------
        D:1 |      56 |       0 |   0.0 |      30 |       0 |   0.0
        D:2 |      99 |       0 |   0.0 |      23 |       0 |   0.0
        D:3 |      11 |       0 |   0.0 |       5 |       0 |   0.0
            +---------+---------+-------+---------+---------+-------
